 Dungeon Crawl Stone Soup version 0.19.4-9-g45fd643 (webtiles) character file.

99 vatarom the Firebug (level 4, -3/26 HPs)
             Began as a Tengu Fire Elementalist on Feb 18, 2017.
             Slain by Felix's ghost (6 damage)
             ... on level 3 of the Dungeon.
             The game lasted 00:08:38 (2570 turns).

vatarom the Firebug (Tengu Fire Elementalist)       Turns: 2570, Time: 00:08:40

Health: -3/26      AC:  3    Str:  9    XL:     4   Next: 72%
Magic:  0/8        EV: 13    Int: 16    God:
Gold:   60         SH:  0    Dex: 17    Spells: 3 memorised, 1 level left

rFire  . . .     SeeInvis .     f - +2 dagger (venom)
rCold  . . .     Gourm    .     a - +0 robe
rNeg   . . .     Faith    .     (no shield)
rPois  .         Spirit   .     (helmet restricted)
rElec  .         Reflect  .     (no cloak)
rCorr  .         Harm     .     e - +0 pair of gloves {Dex+3}
MR     .....                    (boots unavailable)
Stlth  ++........               (no amulet)
                                (no ring)
                                (no ring)

@: no status effects
A: beak, talons 3
a: no special abilities


You were on level 3 of the Dungeon.
You were not hungry.

You visited 1 branch of the dungeon, and saw 3 of its levels.

You collected 60 gold pieces.

Inventory:

Hand Weapons
 f - a +2 dagger of venom (weapon)
Armour
 a - a +0 robe (worn)
 e - a +0 pair of gloves of dexterity (worn)
Wands
 j - a wand of flame (14/48)
Scrolls
 h - 3 scrolls of identify
 i - 2 scrolls of recharging
Books
 b - a book of Flames

   Spells                             Type                      Level
   a - Flame Tongue                   Conjuration/Fire             1
   b - Throw Flame                    Conjuration/Fire             2
   c - Conjure Flame                  Conjuration/Fire             3
   d - Inner Flame                    Hexes/Fire                   3
   e - Sticky Flame                   Conjuration/Fire             4
   f - Fireball                       Conjuration/Fire             5
Comestibles
 c - 3 bread rations
 g - 2 meat rations


   Skills:
 - Level 1.9 Fighting
 - Level 2.1 Dodging
 - Level 2.0 Stealth
 - Level 2.0 Spellcasting
 + Level 2.9 Conjurations
 * Level 4.7 Fire Magic


You had one spell level left.
You knew the following spells:

 Your Spells              Type           Power        Failure   Level  Hunger
a - Flame Tongue          Conj/Fire      ##...        6%          1    #......
b - Throw Flame           Conj/Fire      ##....       10%         2    ###....
c - Conjure Flame         Conj/Fire      ##......     14%         3    ###....


Dungeon Overview and Level Annotations

Branches:
Dungeon (3/15)

Altars:
Fedhas
Okawaru

Annotations:
D:3 Felix's ghost, amateur HESk


Innate Abilities, Weirdness & Mutations

You have a beak for a mouth.
You have claws for feet.


Message History

The flame tongue hits Felix's ghost.
Felix's ghost appears unharmed.
Felix's ghost is almost destroyed.
Felix's ghost shouts, "You must not fail where I succeeded!"
Felix's ghost hits you!
* * * LOW HITPOINT WARNING * * *
Felix's ghost ripples.
Press: ? - help, v - describe, . - travel
Here: Felix's ghost (almost destroyed)
The floor.
Unknown command.
Felix's ghost says, "If you think I look tough now, just wait!"
Casting: Flame Tongue
Confirm with . or Enter, or press ? or * to list all spells.
Aiming: Flame Tongue
Press: ? - help, Shift-Dir - straight line, f/p - Felix's ghost
Aim: Felix's ghost (almost destroyed)
The flame tongue hits Felix's ghost.
Felix's ghost is almost destroyed.
Felix's ghost hits you.
You die...

#.# #.#...#.# #.# #.#
#.#.#.#.# #.# #.#
#.#.#.#.# #.# #.#
#.#.#.#.# #.# #.#
#..<....# #.# #.#
#########.#########.#
#.#
..........#.........#
#.#
###########.#########
#.# #.....@W..# #.#
#.######### #.# #)#
#.# #.# #.# #.#
#.#####.# #.......#
#######.# ###


You could see Felix's ghost.

Vanquished Creatures
  4 gnolls
  An adder (D:2)
  3 worms (D:2)
  3 dart slugs
  A ball python (D:2)
  A bat (D:1)
  2 giant cockroaches
  6 goblins
  3 hobgoblins
  A jackal (D:2)
  5 kobolds
  3 frilled lizards
  7 rats
40 creatures vanquished.

Notes
Turn   | Place    | Note
-------+----------+-------------------------------------------
     0 | D:1      | vatarom the Tengu Fire Elementalist began the quest for the Orb.
     0 | D:1      | Reached XP level 1. HP: 10/10 MP: 4/4
    38 | D:1      | Reached XP level 2. HP: 3/15 MP: 0/6
   593 | D:1      | Learned a level 2 spell: Throw Flame
   799 | D:1      | Reached XP level 3. HP: 20/20 MP: 3/7
   804 | D:1      | Reached skill level 4 in Fire Magic
   857 | D:1      | Reached skill level 1 in Fighting
  1356 | D:2      | Found an iron altar of Okawaru.
  1441 | D:2      | Learned a level 3 spell: Conjure Flame
  1699 | D:2      | Reached XP level 4. HP: 24/26 MP: 8/8
  1898 | D:2      | Found a blossoming altar of Fedhas.
  2546 | D:3      | Noticed Felix's ghost (amateur HESk)
  2570 | D:3      | Slain by Felix's ghost

Skill      XL: |  1  2  3 |
---------------+----------+-----
Conjurations   | 2 |  2.9
Fire Magic     | 4 |  4.7
Fighting       | 1 |  1.9
Dodging        | |  2.1
Stealth        | |  2.0
Spellcasting   | |  2.0

Action                   |  1- 3 |  4- 6 || total
-------------------------+-------+-------++-------
Melee: Whip              |    18 |     2 ||    20
       Peck              |     3 |     1 ||     4
       Kick              |     5 |     2 ||     7
       Dagger            |       |     2 ||     2
 Cast: Flame Tongue      |    37 |    36 ||    73
       Throw Flame       |     7 |     1 ||     8
Evoke: Wand              |     5 |     1 ||     6
  Use: Scroll            |     4 |     3 ||     7
       Potion            |     2 |       ||     2
 Stab: Sleeping          |     3 |       ||     3
  Eat: Chunk             |     3 |     2 ||     5
       Bread ration      |       |     1 ||     1
Armor: Robe              |     4 |       ||     4
Dodge: Dodged            |    16 |    17 ||    33
